 Dungeon Crawl Stone Soup version 0.20-a0-1086-g4bd2f5b (webtiles) character file.

100 Chaoticas the Charmwright (level 4, -5/35 HPs)
             Began as a Gnoll Skald on May 1, 2017.
             Slain by Sigmund
             ... wielding a cursed -2 scythe
              (8 damage)
             ... on level 4 of the Dungeon on May 2, 2017.
             The game lasted 00:08:41 (3751 turns).

Chaoticas the Charmwright (Gnoll Skald)             Turns: 3751, Time: 00:08:42

Health: -5/35      AC:  5    Str: 10    XL:     4   Next: 73%
Magic:  9/9        EV: 13    Int: 14    God:
Gold:   105        SH:  0    Dex: 13    Spells: 2/9 levels left

rFire    + . .     SeeInvis .   a - +0 spear
rCold    . . .     Gourm    .   (no shield)
rNeg     . . .     Faith    .   b - +0 leather armour
rPois    .         Spirit   .   (no helmet)
rElec    .         Reflect  .   s - +0 cloak (curse)
rCorr    +         Harm     .   c - +0 pair of gloves
MR       .....                  (no boots)
Stlth    +.........             (no amulet)
Regen    0.2/turn               h - ring of protection from fire
MPRegen  0.2/turn               p - ring of resist corrosion

@: no status effects
A: short attention span, fangs 1, strong nose
a: no special abilities


You were on level 4 of the Dungeon.
You were not hungry.

You visited 1 branch of the dungeon, and saw 4 of its levels.

You collected 105 gold pieces.

Inventory:

Hand Weapons
 a - a +0 spear (weapon)
Armour
 b - a +0 leather armour (worn)
 c - a +0 pair of gloves (worn)
   (You found it on level 1 of the Dungeon)
 s - a cursed +0 cloak (worn)
   (You found it on level 3 of the Dungeon)
Jewellery
 h - a ring of protection from fire (left hand)
   (You found it on level 1 of the Dungeon)
 p - a ring of resist corrosion (right hand)
   (You took it off a kobold on level 2 of the Dungeon)
 t - an uncursed ring of wizardry {unknown}
   (You took it off a hobgoblin on level 3 of the Dungeon)
Scrolls
 e - a scroll of enchant weapon {unknown}
 f - a scroll of amnesia {unknown}
 g - a scroll of teleportation
 n - a scroll of recharging {unknown}
 o - 3 scrolls of remove curse {unknown}
 r - 6 scrolls of identify
 u - a scroll of noise {unknown}
Potions
 i - 2 potions of flight {unknown}
 l - a potion of curing {unknown}
 m - a potion of heal wounds
 q - a potion of brilliance {unknown}
Books
 A - a book of Battle

   Spells                             Type                      Level
   a - Infusion                       Charms                       1
   b - Shroud of Golubria             Charms/Translocation         2
   c - Song of Slaying                Charms                       2
   d - Spectral Weapon                Hexes/Charms                 3
   e - Regeneration                   Charms/Necromancy            3
 Z - a book of Cantrips
   (You found it on level 4 of the Dungeon)

   Spells                             Type                      Level
   a - Confusing Touch                Hexes                        1
   b - Animate Skeleton               Necromancy                   1
   c - Summon Small Mammal            Summoning                    1
   d - Apportation                    Translocation                1
Comestibles
 d - 5 bread rations
 j - 9 fruits
 k - a meat ration
 v - a royal jelly
 w - a chunk of flesh


   Skills:
 + Level 3.3 Fighting
 * Level 4.7 Polearms
 + Level 3.3 Armour
 + Level 3.8 Dodging
 - Level 3.3 Spellcasting
 + Level 1.1 Hexes
 + Level 5.0 Charms


You had 2 spell levels left.
You knew the following spells:

 Your Spells              Type           Power        Failure   Level  Hunger
a - Infusion              Chrm           ###.         3%          1    #......
b - Regeneration          Chrm/Necr      #.........   28%         3    ###....
c - Spectral Weapon       Hex/Chrm       ##......     22%         3    ###....


Dungeon Overview and Level Annotations

Branches:
Dungeon (4/15)
 Temple: D:4-7

Altars:
Cheibriados

Annotations:
D:4 Sigmund


Innate Abilities, Weirdness & Mutations

You have a short attention span.
You have very sharp teeth.
Your uncanny sense of smell can sniff out nearby items.


Message History

You are confused.
Something completely misses you. Something hits you but does no damage.
You feel much better.
You hear some strange, mumbled words.
You are more confused.
You bump into the rock wall.
You hear some strange, mumbled words.
You are more confused.
You're too confused to move!
Something hits you!
Sigmund appears from thin air!
Reactivating autopickup.
There is a snail-covered altar of Cheibriados here.
Sigmund completely misses you.
You barely miss Sigmund.
Sigmund is heavily wounded.
Sigmund completely misses you.
You bump into the rock wall.
You bump into the rock wall.
Sigmund barely misses you.
You miss Sigmund.
Sigmund is heavily wounded.
You feel less confused.
Sigmund casts a spell.
Sigmund flickers and vanishes!
Deactivating autopickup; reactivate with Ctrl-A.
You barely miss something. You barely miss something.
Your bite misses something. Something hits you.
You miss something. Something hits you.
You hit something. You hit something. Something hits you but does no damage.
You closely miss something. You hit something.
You hear the slow hiss of a very distant avalanche of sand.
You hear some strange, mumbled words.
A puff of flame appears from out of thin air!
The puff of flame hits you! You resist.
* * * LOW HITPOINT WARNING * * *
You barely miss something.
You hear some strange, mumbled words.
A magic dart appears from out of thin air!
The magic dart hits you!
* * * LOW HITPOINT WARNING * * *
Your leather armour prevents you from hitting something.
You hear some strange, mumbled words.
A magic dart appears from out of thin air!
The magic dart hits you!
* * * LOW HITPOINT WARNING * * *
You hit something. Something hits you!
You die...

#....
#....############.
#.....$........... ∆
...........#########
.#......#@#.......#
#......#.##.####.#
#....###.##.# #.#
#.._.....##.# #.#
#@...######.# #.#
#.{#........####.#
#.....####<......#
#.##### #########
#.# #.# ... #.# #.#


There were no monsters in sight!

Vanquished Creatures
  3 adders
  2 worms
  A dart slug (D:1)
  2 leopard geckos
  4 orcs (D:3)
  6 giant cockroaches
  5 goblins
  11 hobgoblins
  4 jackals (D:1)
  A ball python (D:3)
  3 bats
  A frilled lizard (D:1)
  5 kobolds
  6 rats
54 creatures vanquished.

Notes
Turn   | Place    | Note
-------+----------+-------------------------------------------
     0 | D:1      | Chaoticas the Gnoll Skald began the quest for the Orb.
     0 | D:1      | Reached XP level 1. HP: 18/18 MP: 4/4
   223 | D:1      | Reached skill level 2 in Armour
   223 | D:1      | Reached XP level 2. HP: 15/24 MP: 6/6
  1366 | D:2      | Reached XP level 3. HP: 19/29 MP: 7/7
  1858 | D:2      | Reached skill level 4 in Polearms
  2152 | D:3      | HP: 8/29 [worm (9)]
  2460 | D:3      | HP: 12/29 [adder (5)]
  2465 | D:3      | HP: 5/29 [poisoned by an adder]
  2468 | D:3      | Reached skill level 3 in Armour
  2468 | D:3      | Reached XP level 4. HP: 6/35 MP: 9/9
  2470 | D:3      | HP: 6/35 [poisoned by an adder]
  2478 | D:3      | HP: 5/35 [poisoned by an adder]
  2755 | D:2      | Learned a level 3 spell: Regeneration
  2759 | D:2      | Learned a level 3 spell: Spectral Weapon
  2965 | D:3      | Reached skill level 5 in Charms
  3152 | D:3      | HP: 17/35 [poisoned by an adder]
  3159 | D:3      | HP: 16/35 [poisoned by an adder]
  3167 | D:3      | HP: 14/35 [poisoned by an adder]
  3235 | D:3      | HP: 16/35 [leopard gecko (3)]
  3236 | D:3      | Reached skill level 1 in Hexes
  3669 | D:4      | Found a snail-covered altar of Cheibriados.
  3677 | D:4      | Identified a book of Cantrips
  3677 | D:4      | Noticed Sigmund
  3711 | D:4      | HP: 14/35 [something (10)]
  3714 | D:4      | HP: 6/35 [something/puff of flame (4)]
  3722 | D:4      | HP: 12/35 [something (7)]
  3748 | D:4      | HP: 13/35 [something/puff of flame (6)]
  3750 | D:4      | HP: 3/35 [something/magic dart (6)]
  3751 | D:4      | Slain by Sigmund

Vault maps used:
D:1:      nicolae_arrival_memento_mori
D:2:      serial_co_window_serial, co_window_corner_a, co_window_paths_a,
          co_window_cross_1, co_window_of_opportunity_a, co_window_paths_b,
          co_window_unsneaky_path_d, co_window_corner_b,
          co_window_of_opportunity_b, co_window_2corner, co_window_2corner,
          first_bread
D:3:      serial_corexii_hall, corexii_hall_statues_deadend,
          corexii_hall_statues_x, corexii_hall_statues_u
D:4:      zin_statuary, minmay_temple_entry_trees, serial_shops, shop,
          nicolae_ossuary_entry_giza, cheibriados_altar_1, uniq_natasha,
          uniq_sigmund

Skill      XL: |  1  2  3  4 |
---------------+-------------+-----
Armour         | 2 3 |  3.3
Polearms       | 4 |  4.7
Charms         | 5 |  5.0
Hexes          | 1 |  1.1
Fighting       | |  3.3
Dodging        | |  3.8
Spellcasting   | |  3.3

Action                   |  1- 3 |  4- 6 || total
-------------------------+-------+-------++-------
Melee: Spear             |   198 |   120 ||   318
       Bite              |    14 |     6 ||    20
 Cast: Infusion          |       |     2 ||     2
  Use: Scroll            |     3 |       ||     3
       Potion            |       |     2 ||     2
 Stab: Sleeping          |     1 |       ||     1
  Eat: Chunk             |     4 |     3 ||     7
       Royal jelly       |     1 |       ||     1
Armor: Leather armour    |    36 |    37 ||    73
Dodge: Dodged            |   104 |    70 ||   174
